Map: Lightshade LE

Players

DPGDark (Dark)

  • Race: Zerg Zerg
  • League: Master
  • Spawn Location: 11:00

Rogue - Winner!

  • Race: Zerg Zerg
  • Spawn Location: 5:00

Event: TSL 6

VOD

Have the link to the VOD?

Description

Time

  • Played on: Dec. 19, 2020, 11:54 a.m.
  • Length: 11:35

All games in this series

Show
View Real Time Build Order
Export as new Build Order

DPGDark Zerg 

Build Orders: Hatch First 

Get SALT Encoding   

  12  0:00  Drone  
  13  0:12  Overlord  
  13  0:17  Drone  
  14  0:30  Drone x2  
  16  0:47  Hatchery  
  15  0:51  Drone  
  15  0:54  Drone  
  17  0:58  Drone  
  18  1:08  Extractor  
  17  1:13  Spawning Pool  
  17  1:16  Drone  
  17  1:19  Drone  
  18  1:28  Drone  
  19  1:38  Drone  
  20  1:49  Drone  
  21  2:00  Queen x2  
  21  2:01  Drone x2  
  27  2:10  Overlord  
  27  2:11  Drone  
  28  2:21  Metabolic Boost  
  28  2:28  Drone  
  28  2:29  Drone  
  30  2:32  Zergling x4  
  30  2:36  Hatchery  
  31  2:48  Queen  
  33  2:53  Overlord  
  33  2:54  Baneling Nest  
  33  2:55  Drone  
  33  2:59  Drone  
  33  3:00  Drone  
  33  3:04  Drone  
  36  3:12  Drone x2  
  38  3:14  Drone x2  
  38  3:16  Overlord  
  38  3:19  Drone  
  41  3:22  Zergling x2  
  41  3:23  Zergling x2  
  43  3:33  Drone  
  44  3:36  Drone x2  
  44  3:41  Drone x4  
  49  3:44  Lair  
  50  3:48  Drone  
  50  3:51  Drone  
  50  3:55  Extractor  
  51  3:56  Evolution Chamber  
  51  3:57  Roach Warren  
  51  3:59  Drone x2  
  51  4:04  Baneling  
  51  4:05  Drone x2  
  51  4:09  Drone x3  
  56  4:11  Drone x2  
  56  4:15  Overlord  
  58  4:19  Extractor  
  58  4:22  Zerg Missile Weapons Level 1  
  58  4:23  Extractor, Overlord  
  56  4:25  Drone x2  
  56  4:28  Overlord  
  56  4:30  Overlord  
  58  4:33  Overlord  
  58  4:35  Drone x2  
  60  4:39  Overlord  
  60  4:42  Roach  
  60  4:43  Roach  
  64  4:48  Overseer  
  64  4:50  Drone x2  
  64  4:52  Drone, Glial Reconstitution  
  67  4:54  Drone  
  67  4:55  Drone x3  
  67  4:57  Drone  
  72  5:00  Drone x2  
  73  5:07  Drone  
  73  5:08  Drone  
  73  5:09  Drone x3  
  73  5:12  Drone x2  
  80  5:16  Extractor  
  80  5:17  Extractor  
  80  5:18  Roach  
  80  5:21  Pneumatized Carapace  
  80  5:22  Roach  
  80  5:23  Roach x3  
  80  5:27  Drone  
  80  5:28  Drone  
  90  5:36  Hatchery  
  90  5:38  Drone  
  90  5:39  Drone  
  90  5:41  Overlord  
  90  5:42  Overlord, Evolution Chamber  
  91  5:45  Overseer  
  91  5:46  Roach x2  
  91  5:47  Roach  
  96  5:52  Overlord  
  96  5:59  Baneling  
  96  6:00  Baneling x3  
  96  6:01  Baneling x2  
  96  6:03  Roach x6  
  108  6:08  Roach x3  
  114  6:13  Roach x2  
  114  6:14  Roach  
  120  6:20  Overlord x2  
  120  6:28  Roach x2  
  124  6:37  Roach x3  
  124  6:38  Zerg Ground Armor Level 1  
  130  6:41  Tunneling Claws  
  130  6:42  Burrow  
  130  6:46  Zerg Missile Weapons Level 2  
  130  6:47  Roach  
  130  6:48  Roach x3  
  130  6:52  Roach x3  
  143  7:02  Drone x2  
  143  7:03  Drone  
  143  7:04  Overlord x2  
  143  7:05  Overlord  
  143  7:06  Roach x3  
  152  7:11  Overlord x2  
  152  7:13  Overlord  
  152  7:14  Spore Crawler  
  152  7:15  Drone  
  152  7:18  Overlord  
  151  7:23  Overlord  
  151  7:25  Roach x5  
  151  7:26  Roach  
  163  7:40  Roach x3  
  163  7:41  Roach  
  169  7:46  Overlord  
  169  7:49  Roach x4  
  169  7:51  Overseer  
  177  7:55  Roach x4  
  185  8:01  Ravager x5  
  185  8:02  Ravager x2  
  192  8:10  Spine Crawler  
  192  8:12  Roach x3  
  191  8:16  Roach x3  
  191  8:17  Ravager x2  
  191  8:18  Ravager  
  199  8:30  Extractor  
  199  8:31  Roach x4  
  199  8:33  Overlord  
  198  8:35  Spire  
  198  8:37  Extractor  
  198  8:40  Roach x7  
  193  8:47  Roach  
  193  8:48  Roach x3  
  185  8:49  Overlord  
  185  8:52  Roach x4  
  194  8:57  Ravager x2  
  194  9:02  Roach  
  198  9:09  Roach x2  
  172  9:10  Roach x9  
  172  9:13  Roach x3  
  172  9:14  Roach  
  172  9:15  Roach x4  
  172  9:16  Roach  
  149  9:17  Roach  
  149  9:18  Roach x2  
  149  9:20  Roach x2  
  149  9:23  Roach x2  
  144  9:24  Roach  
  144  9:26  Roach  
  124  9:33  Roach x2  
  124  9:35  Roach  
  124  9:37  Roach  
  127  9:38  Roach  
  127  9:43  Roach x2  
  113  9:48  Roach x2  
  113  9:49  Roach x2  
  113  9:51  Roach x2  
  113  9:52  Roach  
  112  9:53  Roach  
  112  9:58  Roach  
  100  10:01  Roach  
  100  10:02  Roach  
  100  10:03  Roach  
  100  10:04  Roach  
  98  10:10  Zergling x4  
  98  10:16  Zergling x2  
  98  10:18  Roach  
  95  10:21  Roach x9, Roach Warren  
  95  10:22  Zergling x4  
  86  10:43  Roach x3  
  78  10:50  Roach x6  
  80  11:04  Roach x6  
  80  11:08  Ravager x3  
  80  11:09  Ravager  
Show
View Real Time Build Order
Export as new Build Order

Rogue Zerg - Winner!

Build Orders: Hatch First 

Get SALT Encoding   

  12  0:00  Drone  
  13  0:11  Overlord  
  13  0:16  Drone  
  14  0:30  Drone x2  
  16  0:47  Hatchery  
  15  0:50  Drone  
  15  0:53  Drone  
  15  0:56  Drone  
  18  1:08  Extractor  
  17  1:11  Spawning Pool  
  17  1:15  Drone  
  17  1:18  Drone  
  18  1:27  Drone  
  19  1:38  Drone  
  20  1:50  Drone  
  21  1:59  Queen x2  
  21  2:00  Zergling x2, Overlord  
  26  2:09  Metabolic Boost  
  26  2:11  Drone x2  
  28  2:21  Drone x2  
  30  2:33  Hatchery  
  30  2:36  Drone x2  
  31  2:43  Queen  
  33  2:46  Drone  
  33  2:51  Baneling Nest  
  33  2:54  Overlord  
  33  2:58  Drone  
  34  3:00  Drone  
  34  3:03  Zergling x2  
  36  3:13  Drone x4  
  36  3:14  Drone  
  36  3:18  Zergling x2  
  36  3:19  Overlord  
  42  3:23  Drone x2  
  44  3:30  Evolution Chamber  
  44  3:33  Drone  
  44  3:40  Drone x4  
  48  3:44  Drone  
  49  3:49  Drone x2  
  49  3:52  Overlord  
  51  3:56  Zerg Missile Weapons Level 1  
  51  3:59  Roach Warren  
  51  4:00  Drone x3  
  51  4:01  Drone  
  54  4:04  Drone  
  54  4:08  Drone  
  54  4:09  Lair  
  56  4:12  Extractor  
  56  4:13  Extractor, Drone x2  
  56  4:17  Overlord  
  56  4:21  Drone x3  
  56  4:23  Zergling x2  
  56  4:24  Zergling x2  
  61  4:26  Baneling x2  
  61  4:28  Drone x2  
  61  4:29  Drone  
  64  4:32  Overlord  
  64  4:36  Drone x3  
  64  4:37  Drone  
  68  4:44  Drone x2  
  70  4:46  Overlord  
  70  4:50  Roach  
  70  4:51  Roach x2  
  70  4:52  Extractor  
  75  4:53  Extractor, Roach x2  
  75  4:54  Drone  
  75  4:57  Extractor  
  75  4:59  Drone x3  
  81  5:01  Evolution Chamber  
  79  5:08  Glial Reconstitution  
  79  5:09  Drone x2, Overseer  
  79  5:12  Drone x3  
  84  5:15  Drone  
  84  5:17  Drone  
  84  5:20  Pneumatized Carapace  
  86  5:25  Overlord, Overseer  
  86  5:26  Overlord  
  86  5:28  Drone x2  
  88  5:32  Overlord  
  88  5:33  Zerg Ground Armor Level 1  
  88  5:39  Overlord  
  88  5:44  Roach x7  
  88  5:49  Roach  
  104  5:55  Roach x4  
  112  5:59  Overlord  
  112  6:02  Hatchery  
  111  6:07  Roach  
  111  6:08  Roach x3  
  119  6:18  Roach x4  
  127  6:20  Roach  
  129  6:26  Overlord x2  
  129  6:30  Tunneling Claws  
  129  6:31  Burrow  
  129  6:32  Zerg Missile Weapons Level 2, Overlord  
  129  6:41  Overlord x3  
  129  6:42  Overlord x2  
  129  6:54  Roach  
  129  6:55  Roach x5  
  129  6:58  Drone  
  129  6:59  Drone x5  
  138  7:05  Drone  
  138  7:06  Drone  
  140  7:11  Roach x3  
  140  7:12  Roach x2  
  150  7:18  Roach x2  
  150  7:35  Roach x8  
  166  7:38  Overlord  
  165  7:47  Roach x8  
  165  7:50  Ravager  
  165  7:51  Ravager x6  
  188  7:53  Overlord  
  188  7:55  Roach  
  190  8:07  Extractor  
  190  8:08  Roach x5  
  199  8:15  Roach x3  
  197  8:36  Roach x2  
  196  8:42  Roach x4  
  196  8:46  Roach x2  
  199  8:49  Roach  
  199  8:53  Roach  
  193  9:06  Roach x5  
  178  9:10  Roach x6  
  178  9:12  Roach  
  167  9:19  Roach  
  161  9:27  Roach  
  161  9:28  Roach  
  159  9:31  Roach  
  159  9:33  Roach  
  159  9:37  Roach  
  149  9:39  Roach  
  149  9:44  Roach  
  137  9:46  Roach  
  137  9:49  Roach  
  127  9:52  Roach  
  127  9:56  Roach  
  127  9:58  Roach  
  127  10:01  Roach  
  129  10:08  Roach x2  
  129  10:11  Roach x2  
  135  10:15  Roach  
  135  10:20  Roach x2  
  140  10:28  Roach  
  137  10:29  Roach  
  139  10:46  Overseer  
  139  10:49  Roach x4  
  147  10:54  Spine Crawler  
  148  10:57  Roach x3  
  148  11:03  Roach  
  152  11:05  Roach  
  152  11:09  Roach  
  156  11:14  Roach  
  156  11:16  Roach  
Tags
 
Event
TSL 6
League
Master
Matchup
ZvZ
Player
DarkRogue
Race
Zerg
Spawn Locations
Cross Positions
Add a new tag
Caveats
  • Supply blocks, unpowered buildings, or Contaminate may cause inaccurate times.
  • Supply counts are checked every 10 seconds.